 Dungeon Crawl Stone Soup version 0.31-a0-165-g3f4f80340b (webtiles) character file.

Game seed: 377228218235357450

161 qw the Shooter (level 5, -3/32 HPs)
             Began as a Gargoyle Hunter on June 13, 2023.
             Slain by a black bear (10 damage)
             ... on level 4 of the Dungeon.
             The game lasted 00:01:07 (2601 turns).

qw the Shooter (Gargoyle Hunter)                    Turns: 2601, Time: 00:01:07

Health: -3/32      AC: 11    Str: 13 (15) XL:     5   Next: 42%
Magic:  5/5        EV: 12    Int:  9      God:
Gold:   177        SH:  0    Dex: 19      Spells: 4/4 levels left

rFire   + . .        Y - +0 shortbow
rCold   . . .        (shield currently unavailable)
rNeg    + . .        e - +3 leather armour of Defence {Dex+4}
rPois   inf          h - +0 helmet
rElec   +            (no cloak)
rCorr   .            (no gloves)
SInv    .            (no boots)
Will    .....        (no amulet)
Stlth   ++           g - ring of protection from fire
HPRegen 0.25/turn    (no ring)
MPRegen 0.09/turn

%: no passive effects
@: about to teleport
A: sickness immunity, AC +4, negative energy resistance 1, electricity
resistance, torment resistance 1, petrification resistance
a: no special abilities


You were on level 4 of the Dungeon.
You visited 1 branch of the dungeon, and saw 4 of its levels.

You collected 177 gold pieces.


Innate Abilities, Weirdness & Mutations

You are immune to sickness and miasma.
Your stone body is resilient. (AC +4)
You are immune to poison.
You resist negative energy. (rN+)
You are resistant to electric shocks. (rElec)
You are resistant to unholy torment.
You are immune to petrification.


   Skills:
 - Level 3.0 Fighting
 - Level 6.0 Ranged Weapons
 - Level 1.0 Armour
 + Level 1.8 Dodging
 - Level 1.1 Stealth


You had 4 spell levels left.
You didn't know any spells.
Your spell library was empty.

Inventory:

Hand Weapons
 Y - a +0 shortbow (weapon)
Armour
 e - the +3 leather armour of Defence (worn) {Dex+4}
   (You found it on level 2 of the Dungeon)

   Dex:       It affects your dexterity (+4).
 h - a +0 helmet (worn)
 k - a +0 pair of gloves
Jewellery
 g - a ring of protection from fire (left hand)
Scrolls
 a - a scroll of identify
 f - 4 scrolls of teleportation
 i - a scroll of poison {unknown}
 j - a scroll of brand weapon {unknown}
Potions
 b - a potion of attraction
 c - a potion of enlightenment {unknown}
 d - 2 potions of mutation {unknown}

Dungeon Overview and Level Annotations

Branches:
Dungeon (4/15)
 Temple: D:4-7

Altars:

Annotations:
D:3 2 runed translucent doors


Message History

The black bear is severely wounded.
The black bear bites you but does no damage.
The black bear barely misses you. The black bear claws you.
You shoot an arrow. The arrow hits the black bear.
The black bear is severely wounded.
The black bear goes berserk!
You shoot an arrow.
The arrow closely misses the black bear.
The black bear closely misses you.
The black bear claws you but does no damage.
The black bear closely misses you. The black bear bites you.
The black bear claws you. The black bear misses you.
You shoot an arrow.
The arrow closely misses the black bear.
The black bear bites you but does no damage.
The black bear claws you but does no damage.
The black bear barely misses you.
A goblin comes into view. It is wielding a +0 dagger.
The black bear bites you! The black bear misses you.
The black bear closely misses you.
You shoot an arrow. The arrow barely misses the black bear.
The ball python barely misses you. x2
The black bear bites you but does no damage.
The black bear claws you but does no damage.
The black bear claws you. The ball python barely misses you.
The ball python grabs you. The ball python constricts you.
The black bear bites you but does no damage.
The black bear claws you but does no damage.
The black bear closely misses you.
You shoot an arrow. The arrow hits the ball python.
You kill the ball python!
The black bear bites you.
The black bear claws you but does no damage. x2
2601 ||| READING 5 scrolls of teleportation.
As you read the scroll of teleportation, it crumbles to dust.
You feel strangely unstable.
The black bear bites you but does no damage.
The black bear claws you but does no damage. x2
The black bear bites you!
You die...

.#..## ... .........#
#... .?..?#...####..?. .
...!.##..#.#..... # #
#.............>. . .#.
#...#.....g.... # ....
#.......h...## .#
....###......@.....# ..
......#..#........##
.........#...<....#
#....................#
...........#.#........#
...........####.......#
............####........
#.%.......#..#.#......#.
#.....................


You could see a black bear (berserk) and a goblin.

Vanquished Creatures
  An orc wizard (D:2)
  4 adders
  4 worms
  3 dart slugs
  6 orcs (D:3)
  8 endoplasms
  5 giant cockroaches
  4 goblins
  4 hobgoblins
  4 jackals (D:2)
  8 kobolds
  2 quokkas
  7 ball pythons
  7 bats
  6 rats
73 creatures vanquished.

Notes
Turn   | Place    | Note
-------+----------+-------------------------------------------
     0 | D:1      | qw the Gargoyle Hunter began the quest for the Orb.
     0 | D:1      | Reached XP level 1. HP: 12/12 MP: 1/1
     0 | D:1      | 0 ||| qw: Version: 0.2-a-29-gc1b59c4
     0 | D:1      | 0 ||| qw: Game counter: 4668
     0 | D:1      | 0 ||| qw: Always use a shield: true
     0 | D:1      | 0 ||| qw: God list: Okawaru
     0 | D:1      | 0 ||| qw: Allow faded altars: false
     0 | D:1      | 0 ||| qw: Do Orc after D:15 true
     0 | D:1      | 0 ||| qw: Do second Lair branch before Depths: true
     0 | D:1      | 0 ||| qw: Lair rune preference: random
     0 | D:1      | 0 ||| qw: Plans: Normal, Zot:1-4, Slime:5, God:TSO, Crypt,
                  | Tomb, Abyss, Pan, Hells, Win
     0 | D:1      | 0 ||| PLANNING D:1-11
   193 | D:1      | Reached XP level 2. HP: 17/17 MP: 2/2
   545 | D:1      | Reached XP level 3. HP: 21/21 MP: 3/3
   664 | D:1      | Reached skill level 5 in Ranged Weapons
   880 | D:1      | 880 ||| UPGRADING to ring of protection from fire.
   881 | D:1      | 881 ||| READING scroll labelled JODIOF AFU.
   882 | D:1      | 882 ||| READING 3 scrolls labelled UPREXA IME.
   885 | D:1      | 885 ||| DRINKING 3 fuming coppery potions.
   886 | D:1      | 886 ||| DROPPING scroll of butterflies.
   887 | D:1      | 887 ||| DROPPING 2 potions of degeneration.
  1097 | D:2      | Reached skill level 3 in Fighting
  1102 | D:2      | Identified the +3 leather armour of Defence {Dex+4}
  1221 | D:2      | 1221 ||| FLEEEEING.
  1230 | D:2      | Reached XP level 4. HP: 27/28 MP: 4/4
  1580 | D:2      | 1580 ||| UPGRADING to +3 leather armour of Defence {Dex+4}.
  1590 | D:2      | 1590 ||| DROPPING +0 leather armour.
  1591 | D:2      | 1591 ||| UPGRADING to +0 helmet.
  1596 | D:2      | 1596 ||| DROPPING ring of flight.
  1597 | D:2      | 1597 ||| READING 2 scrolls labelled FETASH OJ RUXE.
  1598 | D:2      | 1598 ||| DROPPING scroll of vulnerability.
  1814 | D:3      | 1814 ||| FLEEEEING.
  1815 | D:3      | 1815 ||| FLEEEEING.
  1816 | D:3      | 1816 ||| FLEEEEING.
  1817 | D:3      | 1817 ||| FLEEEEING.
  1824 | D:3      | 1824 ||| FLEEEEING.
  1825 | D:3      | 1825 ||| FLEEEEING.
  1826 | D:3      | 1826 ||| FLEEEEING.
  1827 | D:3      | 1827 ||| FLEEEEING.
  1828 | D:3      | 1828 ||| FLEEEEING.
  1829 | D:3      | 1829 ||| FLEEEEING.
  1831 | D:3      | 1831 ||| STAIRDANCE
  1871 | D:2      | 1871 ||| READING scroll labelled CEYLLE QEN SAT.
  1872 | D:2      | 1872 ||| READING 2 scrolls of identify.
  1872 | D:2      | 1872 ||| IDENTIFYING fuming grey potion
  1875 | D:3      | 1875 ||| STAIRDANCE
  2012 | D:3      | Reached XP level 5. HP: 32/32 MP: 5/5
  2018 | D:3      | Reached skill level 6 in Ranged Weapons
  2133 | D:3      | Reached skill level 1 in Armour
  2247 | D:3      | Found a large runed translucent door.
  2248 | D:3      | Found a large runed translucent door.
  2588 | D:4      | Noticed a black bear
  2600 | D:4      | HP: 7/32 [black bear (3)]
  2601 | D:4      | 2601 ||| READING 5 scrolls of teleportation.
  2601 | D:4      | Slain by a black bear

Levels and vault maps discovered:
D:1:      dpeg_arrival_brainrot, layout_basic
D:2:      layout_basic, dk_noncrumbling_3, minmay_diced_spiral
D:3:      layout_loops_ring, jmf_multi_god_temple2, serial_forest,
          infiniplex_forest_straight_3, infiniplex_forest_lined_3_way,
          infiniplex_forest_straight_1, infiniplex_forest_end_2,
          infiniplex_forest_lined_2, infiniplex_forest_clump_small,
          infiniplex_forest_straight_5, hex_large
D:4:      layout_cave_pools

Skill      XL: |  1  2  3  4  5 |
---------------+----------------+-----
Ranged Weapons | 5 6 |  6.0
Fighting       | 3 |  3.0
Armour         | 1 |  1.0
Dodging        | |  1.8
Stealth        | |  1.1

Action                     |  1- 3 |  4- 6 || total
---------------------------+-------+-------++-------
   Fire: Shortbow          |   132 |   104 ||   236
    Use: Scroll            |     2 |     4 ||     6
         Potion            |     1 |       ||     1
 Armour: Leather armour    |    25 |    30 ||    55
  Dodge: Dodged            |    44 |    19 ||    63

Table legend:
 A = Non-vault XP
 B = Vault XP
 C = Vault XP percentage of total XP
 D = Non-vault monster count
 E = Vault monster count
 F = Vault count percentage of total count
                 A         B        C        D         E       F
            +---------+---------+-------+---------+---------+-------
      Total |     218 |      12 |   5.2 |      69 |       4 |   5.5
            +---------+---------+-------+---------+---------+-------
        D:1 |      34 |       5 |  12.8 |      21 |       1 |   4.5
        D:2 |      88 |       7 |   7.4 |      22 |       3 |  12.0
        D:3 |      84 |       0 |   0.0 |      21 |       0 |   0.0
        D:4 |      12 |       0 |   0.0 |       5 |       0 |   0.0
            +---------+---------+-------+---------+---------+-------
